 Dungeon Crawl Stone Soup version 0.16.2-12-gd0ad4c3 (webtiles) character file.

141 Jonny2123 the Grave Robber (level 5, 0/36 HPs)
             Began as a Vampire Necromancer on Oct 12, 2015.
             Slain by a worker ant (2 damage)
             ... summoned by a shadow trap
             ... triggered by a rat skeleton
             ... on level 3 of the Dungeon.
             The game lasted 00:19:36 (3321 turns).

Jonny2123 the Grave Robber (Vampire Necromancer)    Turns: 3321, Time: 00:19:37

Health: 0/36       AC:  2    Str:  7    XL:     5   Next: 3%
Magic:  3/11       EV: 13    Int: 18    God:
Gold:   183        SH:  0    Dex: 14    Spells: 2 memorised, 8 levels left

rFire  . . .     SeeInvis +     i - +1 whip
rCold  + . .     Clarity  +     a - +0 robe
rNeg   + + .     SustAb   .     (no shield)
rPois  +         Gourm    .     (no helmet)
rElec  .         Spirit   .     (no cloak)
rCorr  .         Warding  .     (no gloves)
rMut   .         Stasis   .     (no boots)
MR     .....                    j - amulet of clarity
Stlth  +++.......               (no ring)
                                (no ring)

@: regenerating slowly, not resistant to hostile enchantments, fairly stealthy
A: bottle blood, fangs 3, see invisible, unbreathing
a: Bat Form


You were on level 3 of the Dungeon.
You were thirsty.

You visited 1 branch of the dungeon, and saw 3 of its levels.

You collected 183 gold pieces.

Inventory:

Hand weapons
 i - a +1 whip (weapon)
Armour
 a - a +0 robe (worn)
 d - a +0 robe
 h - a +0 robe
Jewellery
 e - an uncursed ring of see invisible {unknown}
 j - an amulet of clarity (around neck)
Magical devices
 q - a wand of lightning (3)
Scrolls
 c - a scroll of noise {unknown}
 f - a scroll of fear {unknown}
Potions
 g - 4 potions of degeneration
 o - a potion of lignification {unknown}
Books
 b - a book of Necromancy

   Spells                             Type                      Level
   a - Pain                           Necromancy                   1
   b - Animate Skeleton               Necromancy                   1
   c - Vampiric Draining              Necromancy                   3
   d - Regeneration                   Charms/Necromancy            3
   e - Animate Dead                   Necromancy                   4
   f - Control Undead                 Necromancy                   4
Comestibles
 m - a slice of pizza


   Skills:
 + Level 0.3 Fighting
 + Level 2.6 Dodging
 + Level 3.4 Stealth
 + Level 3.2 Spellcasting
 + Level 5.7 Necromancy
 + Level 0.2 Evocations


You had 8 spell levels left.
You knew the following spells:

 Your Spells              Type           Power        Failure   Level  Hunger
a - Pain                  Necr           ###.         1%          1    None
b - Animate Skeleton      Necr           N/A          1%          1    None


Dungeon Overview and Level Annotations

Branches:
Dungeon (3/15)

Altars:


Innate Abilities, Weirdness & Mutations

You heal slowly.
You can bottle blood from corpses.
You have razor-sharp teeth.
You have supernaturally acute eyesight.
You can survive without breathing.


Message History

Aim: a bat (summoned, chance 92%)
The bat convulses in agony!
You kill the bat!
The bat's corpse disappears in a puff of smoke!
The worker ant twitches its antennae in your direction.
Casting: Pain
Confirm with . or Enter, or press ? or * to list all spells.
Aiming: Pain
Press: ? - help, Shift-Dir - straight line, f - worker ant
Aim: a worker ant (summoned, chance 88%)
The worker ant convulses in agony!
You hit the worker ant but do no damage.
The worker ant is lightly wounded.
The worker ant bites you!
* * * LOW HITPOINT WARNING * * *
The worker ant misses you.
You hit the worker ant but do no damage.
The worker ant is lightly wounded.
The worker ant bites you.
You die...

* *,* *,,
****,******************** *,*
,,,,,,,,,,,,,,,,,,,,,,,,* *,*
.,,,,,,,,,,,,,,,,,,,,,,,* *,*
,,,,,,,,,,,,,,,,,,,,,,,,*******,*
######################,,,,,,,,,,*
..........^%......)%.#,,*********
.######<##+#####'#...#,,,,,,,>,,,
.#..)...........@#...#,,*********
.#..###########.a#.<.#,,*
.#..'........%#..#...#,,*
.#..#.........#..#...#,,*
.#..#.........#..#...#,,*
.#..#.........#..#...#,,*
.#..#.........#..#...#,,*
.#..#.........'..#...#,,*
.#..#.........#..#,,,*,,*


You could see a worker ant.

Vanquished Creatures
  2 orc wizards (D:3)
  2 adders (D:3)
  A worm (D:3)
  An ooze (D:1)
  9 orcs (D:3)
  A ball python (D:3)
  2 giant cockroaches (D:3)
  9 goblins
  8 hobgoblins
  5 quokkas
  7 bats
  6 giant newts
  5 kobolds
  A rat (D:3)
59 creatures vanquished.

Vanquished Creatures (collateral kills)
  2 giant geckos (D:3)
  A hobgoblin (D:1)
  2 goblins (D:1)
  A kobold (D:3)
6 creatures vanquished.

Vanquished Creatures (others)
  4 orc skeletons (D:3)
  3 bat skeletons
  2 giant newt skeletons
  3 goblin skeletons (D:2)
  A rat skeleton (D:3)
13 creatures vanquished.

Grand Total: 78 creatures vanquished

Notes
Turn   | Place    | Note
--------------------------------------------------------------
     0 | D:1      | Jonny2123, the Vampire Necromancer, began the quest for the Orb.
     0 | D:1      | Reached XP level 1. HP: 13/13 MP: 3/3
    23 | D:1      | Learned a level 1 spell: Animate Skeleton
   332 | D:1      | Reached XP level 2. HP: 17/19 MP: 1/4
   995 | D:2      | Reached skill level 5 in Necromancy
   995 | D:2      | Reached XP level 3. HP: 2/24 MP: 2/6
  2258 | D:3      | Reached XP level 4. HP: 11/31 MP: 2/8
  3280 | D:3      | Reached XP level 5. HP: 13/36 MP: 2/11
  3321 | D:3      | Slain by a worker ant

Action                   |  1- 3 |  4- 6 || total
-------------------------+-------+-------++-------
Melee: Whip              |    34 |     5 ||    39
 Cast: Pain              |    54 |    35 ||    89
       Animate Skeleton  |    11 |     6 ||    17
Evoke: Wand              |     1 |     1 ||     2
  Use: Scroll            |     9 |       ||     9
       Potion            |       |     1 ||     1
  Eat: Corpse            |     4 |     1 ||     5
